AoeStats
← jhonskull87

Oasis

508447745Analyzed
4v4 RM · 11d ago on Sep 22, 2026· 10m 26s· 8 players
Game mode
Random Map
Map size
Large (8 player)
Population
200
Speed
Normal
Resources
Standard
Victory
Conquest
Starting age
Dark Age
Ending age
Imperial Age
RankedLock teamsTeams togetherTeam positionsShared explorationLock speedFull tech treeHidden civsTurbo modeCheats
Victory
Defeat
🇨🇳 Hindustanis · China
723
+15
🇨🇳 Slavs · China
712
+15
🇭🇰 Japanese · Hong Kong SAR China
671
+17
🇲🇽 Persians · Mexico
636
+18
🇦🇷 Franks · Argentina
782
-20
🇬🇬 Japanese · Guernsey
721
-18
🇧🇷 Britons · Brazil
647
-14
🇷🇴 Bohemians · Romania
612
-13
jhonskull87
8:58 Loom
francohk
11:45 Feudal Age
纸片纸片
11:27 Feudal Age
362747455
0:30 Loom
12:15 Feudal Age
Admar
0:30 Loom
Aethelwulf
7:15 Loom
9:39 Feudal Age
capitaoJOE
vladimirrr7
Connection lost

Rejoining the realm…

Still unreachable

The connection could not be restored.

Session expired

The server has moved on; the page needs a fresh start.